 Dungeon Sprint DCSS version 0.31-a0-986-g5e6e4ef867 (webtiles) character file.

Game seed: 10882210302975952525

2336 rocky1 the Martial Artist (level 9, -4/61 HPs)
             Began as an Octopode Shapeshifter on Nov 14, 2023.
             Was an Initiate of Gozag.
             Slain by a skeletal warrior
             ... wielding a +0 long sword
              (13 damage)
             ... in the Dungeon (Sprint IX: "|||||||||||||||||||||||||||||").
             The game lasted 00:02:02 (789 turns).

rocky1 the Martial Artist (Octopode Shapeshifter)    Turns: 789, Time: 00:02:03

Health: -4/61      AC:  3    Str: 13    XL:     9   Next: 42%
Magic:  9/9        EV: 18    Int: 13    God:    Gozag
Gold:   125        SH:  0    Dex: 18    Spells: 8/8 levels left

rFire   . .          .
                       - Unarmed
rCold   . . .        (no shield)
rNeg    . . .        (helmet currently unavailable)
rPois   .            (no amulet)
rElec   .            m - +3 ring of dexterity
rCorr   .            n - +2 ring of protection
SInv    .            (no ring)
Will    .....        (no ring)
Stlth   ++++         (no ring)
HPRegen 0.30/turn    (no ring)
MPRegen 0.11/turn    (no ring)
                     (no ring)

%: no teleportation
@: beast-form, gold aura, on berserk cooldown, hasted and slowed
A: beast (slay +4), almost no armour, amphibious, 8 rings, camouflage 1,
gelatinous body 1, (nimble swimmer 1), tentacles
a: Begin Untransformation, Renounce Religion, Potion Petition, Call Merchant,
Bribe Branch


You were in the Dungeon.
You worshipped Gozag.
Gozag was aware of your devotion.
You were a hulking beast.
You visited 1 branch You collected 450 gold pieces.
You paid 325 gold pieces to Gozag.

Inventory:

Jewellery
 m - a +3 ring of dexterity (left tentacle)
 n - a +2 ring of protection (right tentacle)
Talismans
 b - a beast talisman (active)
 c - a flux talisman
Wands
 l - a wand of roots (10)
Scrolls
 i - 2 scrolls of blinking
 k - 2 scrolls of amnesia
Potions
 a - a potion of lignification
 d - 3 potions of curing
 g - 4 potions of magic
 j - a potion of invisibility


   Skills:
 + Level 5.5 Fighting
 + Level 7.8 Dodging
 + Level 6.2 Stealth
 + Level 14.1 Unarmed Combat
 + Level 11.5 Shapeshifting


You had 8 spell levels left.
You didn't know any spells.
Your spell library was empty.

Dungeon Overview and Level Annotations

Branches:
Dungeon (1/1)

Altars:
Cheibriados
Dithmenos
Elyvilon
Fedhas
Gozag
Hepliaklqana
Kikubaaqudgha
Makhleb
Nemelex Xobeh
Okawaru
Qazlal
Ru
Sif Muna
Trog
Uskayaw
Vehumet
Wu Jian
Xom
Yredelemnul
Zin
The Shining One
Jiyva
Lugonu


Innate Abilities, Weirdness & Mutations

You are a hulking beast.
Your limbs bulge with bestial killing power. (Slay +4)
You cannot wear most types of armour.
You are amphibious.
You can wear up to eight rings at the same time.
Your skin changes colour to match your surroundings (Stealth+).
Your rubbery body absorbs attacks. (AC +1, EV +1)
((You are camouflaged when in or above water. (Stealth+)))
You have tentacles for arms and can constrict up to eight enemies at once.


Message History

[a] - 552 gold - haste, resistance and might [b] - 288 gold - brilliance and magic [c] - 325 gold - heal wounds and magic Purchase which effect?
You no longer have enough gold to petition Gozag for potion effects.
You feel much better. Magic courses through your body.
The skeletal warrior misses you.
The skeletal warrior closely misses you.
You feel yourself speed up.
The skeletal warrior hits you with a +0 long sword!
Unknown command.
You tentacle-slap the skeletal warrior. You grab the skeletal warrior.
You tentacle-slap the skeletal warrior! You squeeze the skeletal warrior.
The skeletal warrior is lightly damaged.
You constrict the skeletal warrior, but do no damage.
The skeletal warrior hits you with a +0 long sword!
* * * LOW HITPOINT WARNING * * *
You tentacle-slap the skeletal warrior but do no damage.
The skeletal warrior is lightly damaged.
You constrict the skeletal warrior, but do no damage.
The skeletal warrior is distracted by your dazzling golden aura.
You catch the helpless skeletal warrior completely off-guard!
You bludgeon the skeletal warrior!
The skeletal warrior is no longer distracted by gold.
You squeeze the skeletal warrior, but do no damage.
The skeletal warrior is moderately damaged.
You constrict the skeletal warrior, but do no damage.
The skeletal warrior hits you with a +0 long sword.
* * * LOW HITPOINT WARNING * * *
Okay, then.
You completely miss the skeletal warrior.
You squeeze the skeletal warrior.
The skeletal warrior is moderately damaged.
You constrict the skeletal warrior, but do no damage.
You bludgeon the skeletal warrior!
The skeletal warrior is heavily damaged.
You constrict the skeletal warrior.
The skeletal warrior hits you with a +0 long sword!
You die...
Your body crumbles into a pile of gold. ▓▓▓▓▓▓▓▓▓▓▓▓▓▓▓▓▓▓▓▓ [[[..))))...'$$$hzW+ ▓▓▓▓▓▓▓▓▓▓▓▓▓▓▓▓▓▓▓▓

You could see a skeletal warrior and a wraith.

Vanquished Creatures
  A centaur warrior (D)
  A two-headed ogre (D)
  A cyclops (D)
  A shadow (D)
  A wyvern (D)
  A basilisk (D)
  A water moccasin (D)
  An orc warrior (D)
  A centaur (D)
  A kobold brigand (D)
  A hound (D)
  A worm (D)
  A dart slug (D)
  2 orcs (D)
  An endoplasm (D)
  A giant cockroach (D)
  A bat (D)
  A rat (D)
19 creatures vanquished.

Vanquished Creatures (others)
  An orc wizard (D)
1 creature vanquished.

Grand Total: 20 creatures vanquished

Notes
Turn   | Place    | Note
-------+----------+-------------------------------------------
     0 | D        | rocky1 the Octopode Shapeshifter began the quest for the
                  | Orb.
     0 | D        | Reached XP level 1. HP: 13/13 MP: 1/1
    13 | D        | Reached XP level 2. HP: 16/18 MP: 2/2
    24 | D        | Noticed a water moccasin
    31 | D        | Reached skill level 4 in Unarmed Combat
    31 | D        | Reached skill level 5 in Shapeshifting
    31 | D        | Reached XP level 3. HP: 19/24 MP: 3/3
    37 | D        | Killed a water moccasin
    38 | D        | Reached skill level 1 in Stealth
    38 | D        | Reached skill level 7 in Unarmed Combat
    38 | D        | Reached XP level 4. HP: 11/29 MP: 4/4
    38 | D        | Reached XP level 5. HP: 13/34 MP: 5/5
   276 | D        | Found a snail-covered altar of Cheibriados.
   276 | D        | Found a shadowy altar of Dithmenos.
   276 | D        | Found a white marble altar of Elyvilon.
   276 | D        | Found a blossoming altar of Fedhas.
   276 | D        | Found an opulent altar of Gozag.
   277 | D        | Found a hazy altar of Hepliaklqana.
   278 | D        | Found a viscous altar of Jiyva.
   279 | D        | Found an ancient bone altar of Kikubaaqudgha.
   280 | D        | Found a corrupted altar of Lugonu.
   281 | D        | Found a burning altar of Makhleb.
   282 | D        | Found a sparkling altar of Nemelex Xobeh.
   283 | D        | Found an iron altar of Okawaru.
   284 | D        | Became a worshipper of Gozag Ym Sagoz the Greedy
   285 | D        | Found a stormy altar of Qazlal.
   286 | D        | Found a sacrificial altar of Ru.
   287 | D        | Found a shimmering blue altar of Sif Muna.
   288 | D        | Found a bloodstained altar of Trog.
   289 | D        | Found a hide-covered altar of Uskayaw.
   290 | D        | Found a radiant altar of Vehumet.
   291 | D        | Found an ornate altar of the Wu Jian Council.
   292 | D        | Found a shimmering altar of Xom.
   293 | D        | Found a basalt altar of Yredelemnul.
   294 | D        | Found a glowing silver altar of Zin.
   295 | D        | Found a glowing golden altar of the Shining One.
   326 | D        | Noticed a wyvern
   326 | D        | Noticed a centaur
   326 | D        | Noticed a shadow
   326 | D        | Noticed a kobold brigand
   326 | D        | Noticed an orc warrior
   334 | D        | Killed a wyvern
   335 | D        | Reached skill level 8 in Unarmed Combat
   335 | D        | Reached XP level 6. HP: 20/41 MP: 6/6
   343 | D        | Reached skill level 9 in Unarmed Combat
   346 | D        | Killed a shadow
   347 | D        | Reached skill level 5 in Dodging
   347 | D        | Reached skill level 10 in Unarmed Combat
   347 | D        | Reached XP level 7. HP: 31/46 MP: 7/7
   350 | D        | HP: 2/46 [kobold brigand/+0 whip (6)]
   762 | D        | Noticed a centaur warrior
   762 | D        | Noticed a cyclops
   762 | D        | Noticed a basilisk
   762 | D        | Noticed a two-headed ogre
   762 | D        | Noticed a skeletal warrior
   762 | D        | Noticed a wraith
   770 | D        | Killed a centaur warrior
   771 | D        | Reached skill level 12 in Unarmed Combat
   771 | D        | Reached skill level 10 in Shapeshifting
   771 | D        | Reached XP level 8. HP: 54/54 MP: 8/8
   774 | D        | Killed a cyclops
   775 | D        | Reached skill level 5 in Fighting
   775 | D        | Reached skill level 5 in Stealth
   775 | D        | Reached skill level 13 in Unarmed Combat
   777 | D        | Reached XP level 9. HP: 61/61 MP: 9/9
   780 | D        | Killed a two-headed ogre
   781 | D        | Reached skill level 14 in Unarmed Combat
   789 | D        | Slain by a skeletal warrior

Illustrated notes

Levels and vault maps discovered:
D:        linesprint [early_d, line_temple, items_1, d_10, items_2, lair_1,
          lair_end, items_3, orc_1, orc_end, items_4, d_15, swamp_1, shoals_1,
          snake_1, spider_1, d_20, vaults_1, items_5, swamp_end, shoals_end,
          snake_end, spider_end, vaults_end, d_27, items_6, zot_1, zot_end,
          crypt_end, forest_end, elf_end, slime_end, tomb_end, abyss_end,
          pan_hell_end]

Skill      XL: |  1  2  3  4  5  6  7  8  9 |
---------------+----------------------------+-----
Shapeshifting  | 4 5 7 8 9 10 11 | 11.5
Fighting       | 2 3 4 5 |  5.5
Unarmed Combat | 4 7 8 10 12 13 14 | 14.1
Dodging        | 3 4 5 6 7 |  7.8
Stealth        | 1 2 4 5 6 |  6.2

Action                     |  1- 3 |  4- 6 |  7- 9 || total
---------------------------+-------+-------+-------++-------
  Melee: Unarmed           |    18 |    16 |    27 ||    61
         Constrict         |     5 |       |     4 ||     9
         Tentacles         |     3 |     4 |     8 ||    15
         Punch             |     1 |       |     4 ||     5
 Invoke: Potion Petition   |       |       |     1 ||     1
    Use: Potion            |       |     3 |     4 ||     7
   Stab: Sleeping          |     1 |       |     1 ||     2
         Distracted        |       |       |     1 ||     1
 Armour: Skin              |     4 |    10 |    22 ||    36
  Dodge: Dodged            |     7 |    21 |    19 ||    47
   Form: Flux              |       |     1 |       ||     1
         Beast             |       |       |     1 ||     1

Table legend: (Time is in decaauts)
 A = Elapsed time spent in this place.
 B = Non-inter-level travel time spent in this place.
 C = Inter-level travel time spent in this place.
 D = Time resting spent in this place.
 E = Time spent auto-exploring this place.
 F = Levels seen in this place.
 G = Mean time per level.
                   A        B        C        D        E       F      G
               +--------+--------+--------+--------+--------+-----+--------+
         Total |    775 |    775 |      0 |    616 |      0 |   1 |  775.0 |
       Dungeon |    775 |    775 |      0 |    616 |      0 |   1 |  775.0 |
               +--------+--------+--------+--------+--------+-----+--------+

Top non-repeatable levels by time:
       D: 775 daAuts
